AoeStats
← OldStyle

Arabia

509742832Analyzed
1v1 RM · 3d ago on Sep 27, 2026· 28m 5s· 2 players
Game mode
Random Map
Map size
Tiny (2 player)
Population
200
Speed
Normal
Resources
Standard
Victory
Conquest
Starting age
Dark Age
Ending age
Imperial Age
RankedLock teamsTeams togetherTeam positionsShared explorationLock speedFull tech treeHidden civsTurbo modeCheats
Victory
Defeat
🇧🇷 Mongols · Brazil
1340
+16
🇺🇸 Franks · United States
1334
-16
7928adam
6:44 Loom
10:01 Feudal Age
16:09 Double-Bit Axe
22:06 Wheelbarrow
23:19 Town Watch
28:02 Castle Age
26:13 Fletching
OldStyle
2:30 Loom
9:32 Feudal Age
10:00 Double-Bit Axe
9:37 Man-at-Arms
17:49 Wheelbarrow
23:57 Castle Age
22:02 Fletching
23:48 Padded Archer Armor
23:31 Horse Collar
23:42 Gold Mining
24:35 Bodkin Arrow
28:03 Bow Saw
Connection lost

Rejoining the realm…

Still unreachable

The connection could not be restored.

Session expired

The server has moved on; the page needs a fresh start.